 Dungeon Crawl Stone Soup version 0.30-a0-950-gbf40cfac39 (webtiles) character file.

Game seed: 2401646081078761114

1334 Grim the Ogre Mage (level 8, -1/75 HPs)
             Began as an Ogre Hedge Wizard on Mar 28, 2023.
             Succumbed to a water moccasin's poison
             ... on level 4 of the Dungeon.
             The game lasted 00:29:14 (7960 turns).

Grim the Ogre Mage (Ogre Hedge Wizard)              Turns: 7960, Time: 00:29:15

Health: -1/75      AC:  5    Str: 15    XL:     8   Next: 61%
Magic:  18/26      EV:  9    Int: 17    God:
Gold:   132        SH:  0    Dex:  8    Spells: 8/19 levels left

rFire   . . .      SeeInvis .    w - +2 spear of Kozaitus {heavy, Fly rC+ MP+9}
rCold   + . .      Faith    .    (no shield)
rNeg    . . .      Spirit   .    b - +0 robe
rPois   .          Reflect  .    c - +1 hat
rElec   .          Rampage  .    B - +0 cloak
rCorr   .                        (gloves unavailable)
Will    .....                    (boots unavailable)
Stlth   +                        (no amulet)
HPRegen 0.32/turn                G - ring of wizardry
MPRegen 0.20/turn                (no ring)

@: lethally poisoned (-1 -> -18), on blink cooldown, flying
A: large, unfitting armour, tough skin 1
a: no special abilities


You were on level 4 of the Dungeon.
You visited 1 branch of the dungeon, and saw 5 of its levels.
You also visited: Sewer.

You collected 341 gold pieces.
You spent 209 gold pieces at shops.

Inventory:

Hand Weapons
 t - a +1 mace of draining
 u - a +2 spear of venom
 w - the +2 spear of Kozaitus (weapon) {heavy, Fly rC+ MP+9}
   (You found it on level 3 of the Dungeon)

   rC:        It protects you from cold.
   MP:        It affects your magic capacity (+9).
   Fly:       It grants you flight.
Armour
 b - a +0 robe (worn)
 c - a +1 hat (worn)
 f - a scarf of repulsion
 r - the +4 tower shield "Ziocei" {Str+3 Stlth+}
   (You bought it in a shop on level 1 of the Dungeon)

   Str:       It affects your strength (+3).
   Stlth:     It makes you more stealthy.
 B - a +0 cloak (worn)
Jewellery
 G - a ring of wizardry (left hand)
Wands
 v - a wand of paralysis (13)
 D - a wand of flame (22)
Scrolls
 e - a scroll of enchant weapon {unknown}
 g - a scroll of enchant armour
 k - a scroll of blinking
 l - a scroll of magic mapping {unknown}
 p - a scroll of fear
 q - a scroll of teleportation
 s - a scroll of brand weapon {unknown}
 x - a scroll of fog {unknown}
 y - a scroll of noise {unknown}
 C - a scroll of summoning {unknown}
Potions
 a - 3 potions of mutation {!q}
 d - a potion of magic
 h - 2 potions of haste
 j - a potion of ambrosia {unknown}
 m - a potion of invisibility {unknown}
 n - 2 potions of berserk rage {unknown}
 o - a potion of attraction {unknown}
 z - a potion of brilliance {unknown}
 A - a potion of heal wounds {unknown}
 E - a potion of lignification {unknown}
 F - a potion of degeneration {unknown}
 H - 2 potions of flight


   Skills:
 - Level 3.5 Fighting
 + Level 0.7 Polearms
 - Level 1.7 Dodging
 - Level 1.4 Stealth
 + Level 2.7 Shields
 - Level 6.0 Spellcasting
 + Level 4.6 Conjurations
 * Level 1.1 Hexes
 + Level 2.9 Summonings
 - Level 0.8 Translocations
 - Level 3.0 Air Magic
 - Level 3.0 Poison Magic


You had 8 spell levels left.
You knew the following spells:

 Your Spells              Type           Power      Damage    Failure   Level
a - Magic Dart            Conj           84%        1d7       1%          1
b - Call Imp              Summ           14%        N/A       2%          2
c - Mephitic Cloud        Conj/Pois/Air  17%        N/A       3%          3
d - Blink                 Tloc           16%        N/A       6%          2
e - Slow                  Hex            36%        N/A       3%          1
f - Cigotuvi's Dreadful   Necr/Pois/Air  22%        N/A       3%          2

Your spell library contained the following spells:

 Spells                   Type           Power      Damage    Failure   Level
 Kiss of Death            Conj/Necr      52%        2d9       1%          1
 Confusing Touch          Hex            9%         N/A       10%         3
 Summon Ice Beast         Ice/Summ       10%        N/A       26%         4
 Dispel Undead            Necr           5%         3d7       43%         4
 Summon Mana Viper        Hex/Summ       12%        N/A       50%         5
 Monstrous Menagerie      Summ           7%         N/A       100%        7


Dungeon Overview and Level Annotations

Branches:
Dungeon (5/15)              Sewer (visited)
 Temple: D:4-7

Altars:
Vehumet

Shops:
D:1 [   D:2 !   D:3 ?


Innate Abilities, Weirdness & Mutations

You are too large for most types of armour.
You have tough skin. (AC +1)


Message History

The water moccasin bites you but does no damage.
The water moccasin bites you.
* * * LOW HITPOINT WARNING * * *
Unknown command.
You puncture the water moccasin!
The water moccasin is moderately wounded.
You feel sick.
The water moccasin is no longer moving slowly.
Your crimson imp hits the water moccasin.
The water moccasin bites your crimson imp.
Your crimson imp hits the water moccasin but does no damage.
You closely miss the water moccasin.
The water moccasin is moderately wounded.
You feel sick.
The water moccasin bites you but does no damage. x2
Your crimson imp completely misses the water moccasin.
The water moccasin barely misses you.
Unknown command.
You closely miss the water moccasin.
The water moccasin is moderately wounded.
You feel sick.
Your crimson imp hits the water moccasin.
The water moccasin bites you.
* * * LOW HITPOINT WARNING * * *
Your crimson imp hits the water moccasin but does no damage.
The water moccasin bites you.
* * * LOW HITPOINT WARNING * * *
You are lethally poisoned!
The water moccasin poisons you!
You feel better. The water moccasin bites you.
* * * LOW HITPOINT WARNING * * *
You are lethally poisoned!
The water moccasin poisons you!
Your crimson imp hits the water moccasin.
Okay, then.
Sorry, you're not good enough to have a special ability.
Casting: Call Imp (safe; 2% risk of failure)
Confirm with . or Enter, or press ? or * to list all spells.
You blink.
You die...

.......###...........)...........
..###..# ##.####....#....[.....##
..# #..####.## ###...###.##....##
..# #...##...######..........#...
..# #.......S...)......##...#####
..#
##.....ยง5..####....##.#.##..#
..# #...............#.....#.##..#
..# ##.........###.......##.....#
### ##..........@#.####..####....
#..............####....##..##
#..................#...#...##
###.........####...#...#.#...
##...........#####....#.#.##..
##..............###............
###....##....#........#..........
.....####...##.....####.....[....
###..####..........########.####.


You could see a friendly crimson imp (summoned).

Vanquished Creatures
  Sigmund (D:4)
  A black bear (D:4)
  A centaur (D:5)
  A kobold brigand (Sewer)
  A bullfrog (D:4)
  A scorpion (D:4)
  A howler monkey (D:4)
  A jelly (D:5)
  An orc priest (D:3)
  3 hounds
  An iguana (D:3)
  A sleepcap (D:3)
  Natasha (twice) (D:2)
  3 orc wizards
  2 adders
  3 gnolls
  4 river rats
  A worm (D:4)
  8 orcs
  3 ball pythons
  3 bats (D:1)
  5 endoplasms
  2 giant cockroaches
  12 goblins
  9 hobgoblins
  5 jackals
  4 quokkas
  4 frilled lizards
  7 kobolds
  8 rats
99 creatures vanquished.

Vanquished Creatures (collateral kills)
  A water moccasin (D:3)
  A black bear (D:4)
  A hound (D:4)
  Natasha (D:2)
  Robin (D:2)
  A gnoll (D:4)
  An adder (D:3)
  A ball python (D:2)
  An endoplasm (D:4)
  2 goblins
  A rat (D:2)
12 creatures vanquished.

Grand Total: 111 creatures vanquished

Notes
Turn   | Place    | Note
-------+----------+-------------------------------------------
     0 | D:1      | Grim the Ogre Hedge Wizard began the quest for the Orb.
     0 | D:1      | Reached XP level 1. HP: 16/16 MP: 5/5
    88 | D:1      | Found Tikeuf's Antique Armour Shop.
   102 | D:1      | Reached skill level 1 in Conjurations
   407 | D:1      | Reached XP level 2. HP: 24/24 MP: 3/6
   465 | D:1      | Learned a level 2 spell: Call Imp
   682 | D:1      | Reached skill level 4 in Spellcasting
  1015 | D:1      | Found a faded altar of an unknown god.
  1020 | D:1      | Reached skill level 1 in Summonings
  1308 | D:1      | Reached XP level 3. HP: 31/31 MP: 5/8
  1594 | D:2      | Noticed Natasha
  1601 | D:2      | Killed Natasha
  1602 | D:2      | Reached XP level 4. HP: 30/39 MP: 2/10
  1806 | D:2      | Noticed Natasha
  1824 | D:2      | Killed Natasha
  2277 | D:2      | Noticed Natasha
  2285 | D:2      | Killed Natasha
  2286 | D:2      | Reached XP level 5. HP: 20/45 MP: 2/12
  2406 | D:2      | Found a radiant altar of Vehumet.
  2427 | D:2      | Learned a level 3 spell: Mephitic Cloud
  2430 | D:2      | Learned a level 2 spell: Blink
  2432 | D:2      | Learned a level 1 spell: Slow
  2435 | D:2      | Learned a level 2 spell: Cigotuvi's Dreadful Rot
  2474 | D:1      | Bought a polished tower shield for 209 gold pieces
  2474 | D:1      | Identified the +4 tower shield "Ziocei" {Str+3 Stlth+} (You
                  | bought it in a shop on level 1 of the Dungeon)
  2878 | D:2      | Noticed Robin
  3272 | D:2      | Found Peimefyll's Distillery.
  3366 | D:2      | Killed Robin
  3988 | D:3      | Reached skill level 5 in Spellcasting
  3988 | D:3      | Reached skill level 1 in Air Magic
  3988 | D:3      | Reached skill level 1 in Poison Magic
  4049 | D:3      | Reached XP level 6. HP: 51/53 MP: 3/13
  4536 | D:3      | Identified the +2 spear of Kozaitus {heavy, Fly rC+ MP+9}
  4541 | D:3      | Noticed a water moccasin
  4556 | D:3      | Killed a water moccasin
  4732 | D:3      | Found Eptokuve's Magic Scroll Boutique.
  5455 | D:4      | Noticed a black bear
  5462 | D:4      | Killed a black bear
  5463 | D:4      | Reached XP level 7. HP: 59/59 MP: 15/15
  5709 | D:3      | Reached skill level 1 in Fighting
  6117 | D:4      | Reached skill level 6 in Spellcasting
  6419 | D:4      | Reached skill level 1 in Shields
  6491 | D:4      | Noticed Sigmund
  6503 | D:4      | Killed Sigmund
  6514 | D:4      | Reached XP level 8. HP: 72/74 MP: 12/17
  7022 | D:5      | Entered Level 5 of the Dungeon
  7615 | D:5      | Found a glowing drain.
  7619 | Sewer    | Entered a sewer
  7842 | Sewer    | Found a white marble altar of Elyvilon.
  7929 | D:5      | Reached skill level 1 in Hexes
  7958 | D:4      | HP: 2/75 [water moccasin (2)]
  7960 | D:4      | Succumbed to a water moccasin's poison

Illustrated notes

Levels and vault maps discovered:
D:1:      dpeg_arrival_three_smaller_balls, layout_rooms,
          shapermc_ecumenical_altar_totnotflames, serial_shops, shop_coins,
          serial_park_tiny_pond, bh_walls_and_bars
D:2:      layout_basic, basic_altar, serial_shops, shop, minmay_hedge_maze,
          st_stairs_3, uniq_natasha, uniq_robin
D:3:      layout_basic, serial_shops, shop
D:4:      layout_rooms, nicolae_titane, uniq_sigmund
D:5:      layout_loops_cross, serial_rivers, chequers_serial_rivers_micro_d,
          chequers_serial_rivers_micro_e, chequers_serial_rivers_large_b,
          chequers_serial_rivers_micro_b, chequers_serial_rivers_micro_d,
          gup_sewer_entry_spiral, uniq_grinder, uniq_pikel

Skill      XL: |  1  2  3  4  5  6  7  8 |
---------------+-------------------------+-----
Conjurations   | 1 2 3 4 |  4.6
Spellcasting   | 4 5 6 |  6.0
Summonings     | 1 2 |  2.9
Air Magic      | 1 2 3 |  3.0
Poison Magic   | 1 2 3 |  3.0
Fighting       | 2 3 |  3.5
Shields        | 1 2 |  2.7
Hexes          | 1 |  1.1
Polearms       | |  0.7
Dodging        | |  1.7
Stealth        | |  1.4
Translocations | |  0.8

Action                     |  1- 3 |  4- 6 |  7- 9 || total
---------------------------+-------+-------+-------++-------
  Melee: Mace              |    25 |    23 |       ||    48
         Spear             |       |    31 |   110 ||   141
         Punch             |       |     1 |     1 ||     2
   Cast: Magic Dart        |    59 |    85 |    18 ||   162
         Call Imp          |     2 |    19 |    12 ||    33
         Mephitic Cloud    |       |     1 |    10 ||    11
         Blink             |       |       |     3 ||     3
         Slow              |       |       |     2 ||     2
    Use: Potion            |       |     1 |     3 ||     4
         Scroll            |       |       |     6 ||     6
   Stab: Distracted        |       |     1 |     1 ||     2
         Sleeping          |       |     1 |     2 ||     3
         Confused          |       |       |     4 ||     4
 Armour: Robe              |    15 |    13 |    46 ||    74
  Dodge: Dodged            |    25 |    29 |    70 ||   124

Table legend: (Time is in decaauts)
 A = Elapsed time spent in this place.
 B = Non-inter-level travel time spent in this place.
 C = Inter-level travel time spent in this place.
 D = Time resting spent in this place.
 E = Time spent auto-exploring this place.
 F = Levels seen in this place.
 G = Mean time per level.
                   A        B        C        D        E       F      G
               +--------+--------+--------+--------+--------+-----+--------+
         Total |   8066 |   7827 |    239 |   3395 |   2972 |   6 | 1344.3 |
       Dungeon |   7781 |   7542 |    239 |   3283 |   2891 |   5 | 1556.2 |
         Sewer |    285 |    285 |      0 |    112 |     81 |   1 |  285.0 |
               +--------+--------+--------+--------+--------+-----+--------+

Top non-repeatable levels by time:
     D:3: 2264 daAuts
     D:2: 2048 daAuts
     D:1: 1558 daAuts
     D:4: 1214 daAuts
     D:5: 696 daAuts
   Sewer: 285 daAuts
